[Event "TUR-ch Youth U14 2019"]
[Site "Belek"]
[Date "2019.01.25"]
[Round "9"]
[White "Akbay, Samet"]
[Black "Danaci, Ege"]
[Result "0-1"]
[ECO "B23"]
[WhiteElo "1657"]
[BlackElo "2143"]
[Annotator "ChessBase"]
[PlyCount "58"]
[EventDate "2019.01.20"]
[EventType "swiss"]
[EventCountry "TUR"]
[SourceTitle "playchess.com"]
[Source "ChessBase"]
[SourceQuality "1"]
[TimeControl "5400+30"]

1. e4 c5 2. Nc3 a6 3. f4 b5 4. Nf3 Bb7 5. d3 e6 6. Be3 d6 7. Qd2 Nd7 8. Be2 Ngf6 9. h3 d5 10. e5 d4 11. exf6 dxe3 12. Qxe3 Nxf6 13. f5 Bd6 14. O-O O-O 15. fxe6 Nh5 16. Ne5 Qh4 17. Bxh5 Qxh5 18. Nxf7 Qg6 19. Qe2 Bc7 20. h4 Qg3 21. Ne4 Qh2+ 22. Kf2 Qxh4+ 23. Ke3 Bxe4 24. dxe4 Rae8 25. Qf3 Rxe6 26. Rh1 Qg3 27. Qxg3 Bxg3 28. Rh3 Bc7 29. Rxh7 Bf4+ 0-1

[Event "TUR-ch Youth U14 2019"]
[Site "Belek"]
[Date "2019.01.25"]
[Round "9"]
[White "Uysal, Ugur"]
[Black "Ozcan, Ilker"]
[Result "0-1"]
[ECO "B08"]
[WhiteElo "1585"]
[BlackElo "1672"]
[Annotator "NA"]
[PlyCount "66"]
[EventDate "2019.01.20"]
[EventType "swiss"]
[EventCountry "TUR"]
[SourceTitle "playchess.com"]
[Source "ChessBase"]
[SourceQuality "1"]
[TimeControl "5400+30"]

1. Nf3 d6 2. d4 g6 3. e4 Bg7 4. Nc3 Nf6 5. Be3 O-O 6. Qd2 c6 7. Bh6 b5 8. Bd3 Bb7 9. h4 Bxh6 10. Qxh6 Ng4 11. Qg5 h5 12. e5 Kg7 13. Nh2 Nxh2 14. Rxh2 e6 15. Qf4 f5 16. exd6 Nd7 17. O-O-O Qf6 18. Re1 Rae8 19. Rh3 a6 20. Rg3 c5 21. dxc5 e5 22. Qb4 e4 23. Rge3 Re5 24. Bxe4 fxe4 25. Nxe4 Qf4 26. c6 Bxc6 27. Qc3 Bxe4 28. g3 Qf6 29. Qc7 Rc5 30. Qxd7+ Rf7 31. Qxf7+ Kxf7 32. Rxe4 Qxd6 33. Rf4+ Rf5 0-1

[Event "TUR-ch Youth U14 2019"]
[Site "Belek"]
[Date "2019.01.25"]
[Round "9"]
[White "Ozturk, Nil"]
[Black "Tokat, Nehir"]
[Result "1/2-1/2"]
[ECO "B27"]
[WhiteElo "1319"]
[BlackElo "1665"]
[Annotator "NA"]
[PlyCount "70"]
[EventDate "2019.01.20"]
[EventType "swiss"]
[EventCountry "TUR"]
[SourceTitle "playchess.com"]
[Source "ChessBase"]
[SourceQuality "1"]
[TimeControl "5400+30"]

1. e4 c5 2. Nf3 b6 3. d4 cxd4 4. Qxd4 Nc6 5. Qa4 g6 6. Bc4 Bg7 7. O-O e6 8. Re1 Qc7 9. Na3 a6 10. Bf1 Bb7 11. Qb3 Na5 12. Qd3 Ne7 13. c3 O-O 14. g3 d5 15. e5 Nc4 16. Nxc4 dxc4 17. Qe3 Rfd8 18. Bg2 Rd3 19. Qe2 Rad8 20. Bf4 Qd7 21. Nd4 Bxg2 22. Kxg2 Nc6 23. Nxc6 Qxc6+ 24. Qe4 Qxe4+ 25. Rxe4 b5 26. a4 Rd1 27. Rxd1 Rxd1 28. axb5 axb5 29. Rd4 Rxd4 30. cxd4 Kf8 31. Bd2 Ke8 32. Kf3 Kd7 33. Ke4 Kc6 34. Bb4 Bh6 35. f4 Bg7 1/2-1/2

[Event "TUR-ch Youth U14 2019"]
[Site "Belek"]
[Date "2019.01.25"]
[Round "9"]
[White "Caglayan, Ezgisu"]
[Black "Eraslan, Yagmur"]
[Result "0-1"]
[ECO "D00"]
[WhiteElo "1199"]
[BlackElo "1567"]
[Annotator "NA RC"]
[PlyCount "84"]
[EventDate "2019.01.20"]
[EventType "swiss"]
[EventCountry "TUR"]
[SourceTitle "playchess.com"]
[Source "ChessBase"]
[SourceQuality "1"]
[TimeControl "5400+30"]

1. d4 d5 2. f4 Bf5 3. e3 Nf6 4. Bd3 e6 5. c3 Bd6 6. Nf3 O-O 7. Na3 a6 8. O-O c5 9. Ne5 Nc6 10. Qe2 Qb6 11. Bxf5 exf5 12. Rf3 cxd4 13. exd4 Bxa3 14. bxa3 Nxd4 15. Qe3 Nxf3+ 16. Nxf3 Qxe3+ 17. Bxe3 Ne4 18. Bd4 Rac8 19. Rc1 Nd6 20. a4 Rc4 21. Be5 Ne4 22. a5 Rfc8 23. Rb1 Nxc3 24. Bxc3 Rxc3 25. Rxb7 Rc1+ 26. Kf2 R1c2+ 27. Kg3 Rxa2 28. Ne5 f6 29. Nf3 Rxa5 30. Rb3 Rb5 31. Ra3 a5 32. h3 Ra8 33. Nd4 Rb4 34. Nc6 Rb5 35. Nd4 Rc5 36. Kh2 a4 37. Ne6 Rc4 38. Rd3 a3 39. Nd4 a2 40. Nb3 Rb4 41. Na1 Rb1 42. Nc2 Rc8 0-1

[Event "TUR-ch Youth U14 2019"]
[Site "Belek"]
[Date "2019.01.26"]
[Round "11"]
[White "Guler, Muhammed Talha"]
[Black "Ozsac, Samet Harun"]
[Result "1-0"]
[ECO "B41"]
[WhiteElo "1816"]
[BlackElo "1743"]
[Annotator "NA"]
[PlyCount "85"]
[EventDate "2019.01.20"]
[EventType "swiss"]
[EventCountry "TUR"]
[SourceTitle "playchess.com"]
[Source "ChessBase"]
[SourceQuality "1"]
[TimeControl "5400+30"]

1. e4 c5 2. Nf3 e6 3. c4 Nc6 4. d4 cxd4 {[%emt 0:11:30] LiveBook: 140 Games} 5. Nxd4 Nf6 6. Nc3 a6 7. Be3 Qc7 8. Be2 Be7 9. Qd2 d6 10. f3 Ne5 11. b3 O-O {[%emt 0:00:30] O} 12. O-O b6 13. Rac1 Bb7 14. Rfd1 Rac8 15. Nc2 $14 b5 16. cxb5 Qxc3 17. Qxc3 Rxc3 18. bxa6 Ba8 19. Bd4 Rc7 20. Ne3 Rfc8 21. Rxc7 Rxc7 22. b4 Ned7 23. b5 Rc8 24. b6 Rb8 25. Rb1 e5 26. Nf5 Bd8 27. a7 Rb7 28. Nxd6 exd4 29. Nxb7 Bxb7 30. Ba6 Bxb6 31. Rxb6 Nxb6 32. Bxb7 Nfd7 33. a4 d3 34. Kf2 d2 35. Ke2 Nc5 36. a5 d1=Q+ 37. Kxd1 Nca4 38. axb6 Nxb6 39. a8=Q+ Nxa8 40. Bxa8 Kf8 41. Ke2 Ke7 42. Ke3 Kf6 43. Bd5 1-0

[Event "TUR-ch Youth U14 2019"]
[Site "Belek"]
[Date "2019.01.26"]
[Round "11"]
[White "Kavri, Yusuf Eren"]
[Black "Bozyaka, Altug"]
[Result "0-1"]
[ECO "E90"]
[WhiteElo "1761"]
[BlackElo "1600"]
[Annotator "NA"]
[PlyCount "90"]
[EventDate "2019.01.20"]
[EventType "swiss"]
[EventCountry "TUR"]
[SourceTitle "playchess.com"]
[Source "ChessBase"]
[SourceQuality "1"]
[TimeControl "5400+30"]

1. d4 Nf6 2. c4 g6 3. Nc3 Bg7 4. e4 d6 5. h3 O-O 6. Bg5 Nbd7 7. Nf3 e5 8. d5 h6 9. Be3 a5 10. Be2 b6 11. O-O Nc5 12. Nd2 Ne8 13. a3 f5 14. exf5 gxf5 15. f4 e4 16. Nb3 Bd7 17. Nxc5 bxc5 18. Qd2 Nf6 19. Rab1 Rb8 20. Qc2 Qe8 21. a4 Qd8 22. Nb5 Be8 23. Bd2 Ra8 24. Bc3 Nd7 25. Qd2 Bxc3 26. Qxc3 Nb6 27. Ra1 Kh7 28. b3 Bxb5 29. axb5 a4 30. bxa4 Nxa4 31. Qc2 Nb6 32. Qc3 Qh4 33. Kh2 Rxa1 34. Qxa1 Ra8 35. Qb2 Nd7 36. g3 Qf6 37. Rb1 Qd4 38. Kg2 Nb6 39. g4 Qe3 40. Qf6 Qxe2+ 41. Kg1 Qe3+ 42. Kf1 Qd3+ 43. Kg1 Qxb1+ 44. Kg2 Ra2+ 45. Kg3 Qe1# 0-1

[Event "TUR-ch Youth U14 2019"]
[Site "Belek"]
[Date "2019.01.26"]
[Round "11"]
[White "Basara, Arda"]
[Black "Yagci, Yusuf Batin"]
[Result "1-0"]
[ECO "E61"]
[WhiteElo "1737"]
[BlackElo "1635"]
[Annotator "NA"]
[PlyCount "155"]
[EventDate "2019.01.20"]
[EventType "swiss"]
[EventCountry "TUR"]
[SourceTitle "playchess.com"]
[Source "ChessBase"]
[SourceQuality "1"]
[TimeControl "5400+30"]

1. d4 Nf6 2. Bf4 g6 3. Nf3 Bg7 4. e3 O-O 5. c4 d6 6. h3 Nbd7 7. Nc3 Re8 8. Be2 c6 9. O-O Qb6 10. Qc2 e5 11. Bh2 exd4 12. exd4 d5 13. c5 Qd8 14. Bd3 Nf8 15. Be5 Ne6 16. Rfe1 Nh5 17. Ne2 Bxe5 18. dxe5 Qa5 19. Rac1 Nhf4 20. Nxf4 Nxf4 21. a3 Bd7 22. Re3 Qc7 23. Rce1 Re7 24. Bf1 Rae8 25. g3 Nh5 26. Qc3 Ng7 27. Nd4 h5 28. f4 Qc8 29. Kh2 Bf5 30. Bg2 Qd7 31. b4 Rc8 32. a4 a6 33. Qb3 Be6 34. Qb2 Ne8 35. Qe2 Ng7 36. Rd1 Rce8 37. b5 axb5 38. axb5 Nf5 39. Rb3 Nxd4 40. Rxd4 Ra8 41. Qb2 Ra5 42. Rdb4 Qc7 43. Qd4 Ra2 44. Rb2 Ra5 45. b6 Qb8 46. Ra4 Rxa4 47. Qxa4 Re8 48. Ra2 Rd8 49. Qd4 Qc8 50. Ra7 Qb8 51. Bf1 Kg7 52. h4 Qc8 53. Bd3 Qb8 54. Be2 Bf5 55. Ba6 Bc8 56. e6+ f6 57. Qa4 Kh6 58. Qd4 Kg7 59. Qa4 d4 60. Qxc6 d3 61. Bxb7 d2 62. Bxc8+ Qxa7 63. bxa7 d1=Q 64. a8=Q Rd2+ 65. Qg2 Kh6 66. e7 Rxg2+ 67. Qxg2 Qe1 68. c6 Qxe7 69. Qd2 f5 70. Bd7 Qc5 71. Qe2 Qd6 72. Kh3 Qd5 73. Qg2 Qd1 74. Be6 Qc1 75. Bd5 Qc5 76. Qb2 Kh7 77. Qb7+ Kh6 78. Bg8 1-0

[Event "TUR-ch Youth U14 2019"]
[Site "Belek"]
[Date "2019.01.26"]
[Round "11"]
[White "Kara, Gulce Nehir"]
[Black "Ozturk, Nil"]
[Result "0-1"]
[ECO "C45"]
[WhiteElo "1702"]
[BlackElo "1319"]
[Annotator "NA"]
[PlyCount "42"]
[EventDate "2019.01.20"]
[EventType "swiss"]
[EventCountry "TUR"]
[SourceTitle "playchess.com"]
[Source "ChessBase"]
[SourceQuality "1"]
[TimeControl "5400+30"]

1. e4 e5 2. Nf3 Nc6 3. d4 exd4 4. Nxd4 g6 5. g3 Bg7 6. Nxc6 bxc6 7. Bg2 Ne7 8. O-O O-O 9. Re1 d5 10. c3 Be6 11. Qa4 h6 12. Be3 a6 13. Nd2 Re8 14. Bc5 Qd7 15. Rad1 Bf6 16. Nb3 Nc8 17. exd5 cxd5 18. Qxd7 Bxd7 19. Bxd5 Rxe1+ 20. Rxe1 Rb8 21. Ba7 Nxa7 0-1

[Event "TUR-ch Youth U14 2019"]
[Site "Belek"]
[Date "2019.01.26"]
[Round "11"]
[White "Ozcan, Ilker"]
[Black "Danaci, Ege"]
[Result "0-1"]
[ECO "A10"]
[WhiteElo "1672"]
[BlackElo "2143"]
[Annotator "NA"]
[PlyCount "66"]
[EventDate "2019.01.20"]
[EventType "swiss"]
[EventCountry "TUR"]
[SourceTitle "playchess.com"]
[Source "ChessBase"]
[SourceQuality "1"]
[TimeControl "5400+30"]

1. e4 b6 2. c4 Bb7 3. Nc3 e5 4. Nf3 d6 5. d4 Nd7 6. Qa4 c6 7. Be2 Ngf6 8. Qc2 Be7 9. O-O O-O 10. b3 Re8 11. Re1 Bf8 12. Bf1 ({Better is} 12. d5 $14) 12... Qc7 13. Bb2 a6 14. Rac1 b5 15. cxb5 cxb5 16. Qd2 Qa5 17. a3 b4 18. axb4 Qxb4 19. Bc4 Nb6 20. Nb1 Qxd2 21. Nbxd2 Nxc4 22. Rxc4 Nxe4 23. Nxe4 Bxe4 24. dxe5 Bd5 25. Rc3 dxe5 26. Rxe5 Rxe5 27. Nxe5 Rb8 28. Nd7 Re8 29. Kf1 Bb4 30. Rc1 Bxb3 31. g3 $19 Bd2 32. Rc5 Be6 33. Rc2 Bh3+ 0-1

[Event "TUR-ch Youth U14 2019"]
[Site "Belek"]
[Date "2019.01.26"]
[Round "11"]
[White "Tokat, Nehir"]
[Black "Ince, Safiye Oyku"]
[Result "1/2-1/2"]
[ECO "E17"]
[WhiteElo "1665"]
[BlackElo "1870"]
[Annotator "NA"]
[PlyCount "26"]
[EventDate "2019.01.20"]
[EventType "swiss"]
[EventCountry "TUR"]
[SourceTitle "playchess.com"]
[Source "ChessBase"]
[SourceQuality "1"]
[TimeControl "5400+30"]

1. Nf3 c5 2. c4 e6 3. g3 d5 4. cxd5 exd5 5. d4 Nf6 6. Bg2 Be7 7. O-O O-O {[%emt 0:00:30] LiveBook: 684 Games} 8. Nc3 b6 9. dxc5 bxc5 10. Bg5 ({Better is} 10. Ne5 $16 Bb7 11. Qb3) 10... Bb7 11. Qc2 ({White should try} 11. Qb3 $14 Qc7 12. Bxf6 Bxf6 13. Nxd5 Bxd5 14. Qxd5) 11... Nbd7 12. Rfd1 Rc8 (12... h6 $11 {keeps the balance.} 13. Bxf6 Nxf6) 13. Rac1 $11 (13. Nh4 $16) 13... d4 1/2-1/2

[Event "TUR-ch Youth U14 2019"]
[Site "Belek"]
[Date "2019.01.26"]
[Round "11"]
[White "Eraslan, Yagmur"]
[Black "Hafizoglu, Bengi"]
[Result "1/2-1/2"]
[ECO "B47"]
[WhiteElo "1567"]
[BlackElo "1711"]
[Annotator "NA"]
[PlyCount "40"]
[EventDate "2019.01.20"]
[EventType "swiss"]
[EventCountry "TUR"]
[SourceTitle "playchess.com"]
[Source "ChessBase"]
[SourceQuality "1"]
[TimeControl "5400+30"]

1. e4 c5 2. Nf3 e6 3. d4 cxd4 4. Nxd4 Nc6 5. Nc3 Qc7 6. g3 a6 7. Bg2 Nf6 8. O-O Nxd4 9. Qxd4 Bc5 10. Qd3 Ng4 11. Bh3 Ne5 12. Qe2 Ng6 13. Be3 h5 14. Na4 Bxe3 15. Qxe3 b5 16. Nb6 Rb8 17. Nxc8 Rxc8 18. f4 Qc5 19. Qxc5 Rxc5 20. c3 Ke7 1/2-1/2

[Event "TUR-ch Youth U14 2019"]
[Site "Belek"]
[Date "2019.01.26"]
[Round "11"]
[White "Bese, Irem"]
[Black "Tikvesli, Ceylin"]
[Result "1/2-1/2"]
[ECO "A45"]
[WhiteElo "1534"]
[BlackElo "1677"]
[Annotator "NA"]
[PlyCount "44"]
[EventDate "2019.01.20"]
[EventType "swiss"]
[EventCountry "TUR"]
[SourceTitle "playchess.com"]
[Source "ChessBase"]
[SourceQuality "1"]
[TimeControl "5400+30"]

1. d4 Nf6 2. e3 d6 3. f4 g6 4. Bd3 Bg7 5. Nf3 Nbd7 6. c3 O-O 7. O-O e5 8. e4 c6 9. Qb3 Qb6 10. Qxb6 axb6 11. Na3 b5 12. Bd2 exd4 13. cxd4 Re8 14. Rfe1 Nb6 15. Bc3 Na4 16. Nb1 Be6 17. b3 Nxc3 18. Nxc3 b4 19. Ne2 Ra3 20. Nc1 Rea8 21. Rb1 Ne8 22. h3 Nc7 1/2-1/2